 Dungeon Sprint DCSS version 0.28-a0-268-g3f656e82c2 (webtiles) character file.

Game seed: 3121856245582809923

1066 Ankalagon the Fencer (level 8, -2/62 HPs)
             Began as a Deep Dwarf Conjurer on Aug 29, 2021.
             Slain by a tarantella (6 damage)
             ... in the Dungeon (Sprint V: "Ziggurat Sprint").
             The game lasted 00:01:58 (105 turns).

Ankalagon the Fencer (Deep Dwarf Conjurer)           Turns: 105, Time: 00:01:59

Health: -2/62      AC:  2    Str: 19    XL:     8   Next: 7%
Magic:  10/10      EV: 12    Int: 19    God:
Gold:   0          SH:  8    Dex: 17    Spells: 9/10 levels left

rFire   . . .      SeeInvis .   N - +7 Screaming Sword {vorpal, sonic wave}
rCold   . . .      Faith    .   A - +3 buckler
rNeg    . . .      Spirit   .   a - +0 robe
rPois   .          Reflect  .   (no helmet)
rElec   .          Harm     .   (no cloak)
rCorr   .          Rampage  .   (no gloves)
Will    +....      NoTele   +   (no boots)
Stlth   ++........              (no amulet)
HPRegen 0.00/turn               J - +6 ring of strength
MPRegen 0.12/turn               F - +6 ring of dexterity

@: no status effects
A: damage resistance, heal wounds, sense surroundings 1, no regeneration
a: Heal Wounds


You were in the Dungeon.
You visited 1 branch

Inventory:

Hand Weapons
 N - the +7 Screaming Sword (weapon) {vorpal, sonic wave}
   (You found it in the Dungeon)

   It inflicts extra damage upon your enemies.
   It radiates damaging sonic waves as it strikes, especially in combat
   involving dangerous or numerous foes.
 O - the +5 sword of Power {vorpal}
   (You found it in the Dungeon)

   It inflicts extra damage upon your enemies.
   It occasionally discharges a powerful but inaccurate bolt of energy upon
   striking a foe, with increased chance the greater the wielder's current
   health.
 P - the +9 sword of Zonguldrok {reap}
   (You found it in the Dungeon)

   Any living foe damaged by it may be reanimated upon death as a zombie
   friendly to the wielder, with an increasing chance as more damage is dealt.
Armour
 a - a +0 robe (worn)
 r - +5 fire dragon scales
 s - +5 ice dragon scales
 t - +5 storm dragon scales
 u - +5 shadow dragon scales
 v - +5 gold dragon scales
 w - a +5 crystal plate armour
 x - a +5 plate armour
 y - a +3 kite shield
 z - a +3 tower shield
 A - a +3 buckler (worn)
 M - the +18 shield of the Gong {rElec rN+ Will+ EV-5}
   (You found it in the Dungeon)

   It is deafeningly noisy when blocking attacks.
   EV:        It affects your evasion (-5).
   rElec:     It insulates you from electricity.
   rN:        It protects you from negative energy.
   Will:      It increases your willpower.
Jewellery
 k - a ring of resist corrosion
 E - a ring of flight
 F - a +6 ring of dexterity (right hand)
 G - a +6 ring of dexterity
 H - a +6 ring of intelligence
 I - a +6 ring of intelligence
 J - a +6 ring of strength (left hand)
 K - a +6 ring of strength
 R - the ring "Moryalut" {Wiz *Corrode rN+ Str+8 Stlth+}
   (You found it in the Dungeon)

   [ring of wizardry]

   It improves your spell success rate.
   Str:       It affects your strength (+8).
   rN:        It protects you from negative energy.
   *Corrode:  It may corrode you when you take damage.
   Stlth:     It makes you more stealthy.
 S - the amulet of Reimbursement {Acrobat Dex-3 Slay+2 Stlth+}
   (You found it in the Dungeon)

   [amulet of the acrobat]

   It increases your evasion while moving and waiting.
   Dex:       It affects your dexterity (-3).
   Slay:      It affects your accuracy & damage with ranged weapons and melee
   (+2).
   Stlth:     It makes you more stealthy.
Wands
 B - a wand of mindburst (7)
 C - a wand of iceblast (7)
 D - a wand of acid (7)
Scrolls
 g - 4 scrolls of blinking
 m - 7 scrolls of fog
 n - a scroll of holy word
 o - 5 scrolls of identify
 p - 2 scrolls of fear
 q - 4 scrolls of amnesia
Potions
 b - 10 potions of curing
 c - 10 potions of heal wounds
 d - 6 potions of haste
 e - 7 potions of magic
 f - 3 potions of berserk rage
 h - 2 potions of brilliance
 i - 2 potions of invisibility
 j - 4 potions of resistance
 l - 5 potions of might
Miscellaneous
 L - a lightning rod (inert) (quivered)
 Q - a lightning rod (inert)
 T - a phantom mirror


   Skills:
 + Level 15.8 Long Blades
 - Level 2.1 Dodging
 - Level 2.4 Stealth
 - Level 4.4 Shields
 - Level 1.7 Spellcasting
 - Level 3.6 Conjurations
 - Level 5.3 Evocations


You had 9 spell levels left.
You knew the following spells:

 Your Spells              Type           Power      Damage    Failure   Level
e - Magic Dart            Conj           60%        1d6       4%          1

Your spell library contained the following spells:

 Spells                   Type           Power      Damage    Failure   Level
 Searing Ray              Conj           30%        3d4       6%          2
 Dazzling Flash           Conj/Hex       16%        N/A       26%         3
 Call Canine Familiar     Summ           1%         N/A       45%         3
 Portal Projectile        Hex/Tloc       2%         N/A       45%         3
 Fulminant Prism          Conj/Hex       4%         3d6       63%         4
 Hailstorm                Conj/Ice       8%         3d4       63%         4
 Iskenderun's Mystic Bla  Conj/Tloc      8%         2d4       63%         4
 Ice Form                 Ice/Tmut       1%         N/A       86%         4
 Leda's Liquefaction      Hex/Erth       0%         N/A       86%         4
 Simulacrum               Ice/Necr       0%         N/A       100%        6


Dungeon Overview and Level Annotations

Branches:
Dungeon (1/1)

Altars:
Ashenzari
Cheibriados
Dithmenos
Elyvilon
Fedhas
Gozag
Hepliaklqana
Kikubaaqudgha
Makhleb
Nemelex Xobeh
Okawaru
Qazlal
Ru
Sif Muna
Trog
Uskayaw
Vehumet
Wu Jian
Xom
Yredelemnul
Zin
The Shining One
Beogh
Jiyva
Lugonu

Annotations:
D 1 transporter


Innate Abilities, Weirdness & Mutations

You are resistant to damage.
You can heal yourself by infusing magical energy.
You passively map a small area around you.
You do not regenerate.


Message History

The thunderbolt hits the jumping spider!
The jumping spider is heavily wounded.
The jumping spider hisses angrily.
The jumping spider hisses angrily.
The tarantella hisses angrily.
The jumping spider leaps!
Aiming: Thunderbolt
Press: ? - help, Q - select action, (/) - cycle Shift-Dir - straight line, f - tarantella, p - jumping spider
Aim: a tarantella The thunderbolt hits the jumping spider.
The jumping spider is lightly wounded.
The thunderbolt hits the scorpion!
The scorpion is severely wounded.
The thunderbolt hits the tarantella!
The tarantella is heavily wounded.
The lightning rod overheats!
The jumping spider leaps!
The lightning rod is presently inert.
The scorpion stings you! You block the jumping spider's attack.
The jumping spider bites you. The tarantella bites you!
* * * LOW HITPOINT WARNING * * *
You are too injured to fight recklessly!
You are too injured to fight recklessly!
You are too injured to fight recklessly!
You are too injured to fight recklessly!
You barely miss the scorpion.
The scorpion is severely wounded.
The scorpion misses you. The tarantella misses you.
You slice the jumping spider!!
The jumping spider is almost dead.
The jumping spider barely misses you. You block the jumping spider's attack.
The jumping spider barely misses you. The jumping spider bites you.
You block the tarantella's attack. The scorpion barely misses you.
The jumping spider misses you.
The jumping spider completely misses you.
You completely miss the jumping spider.
The jumping spider is severely wounded.
The jumping spider pounces on you!
* * * LOW HITPOINT WARNING * * *
The jumping spider bites you. The tarantella bites you!
You die...

,
*▓.....▓.....▓..©..▓
,,
*▓..©..▓..©..▓▓▓▓▓▓▓
, ▓▓▓▓▓▓▓▓▓▓▓▓▓▓ * ,
,▓..8©8...▓ , ©8 ,*
, , ▓..[))...▓ , ,,
▓...[....▓ , , *
*▓........▓ ,,,, ©8
▓..sss...▓ ,
▓.▓s@..▓.▓, , , , ,
▓...©....▓ ,,
▓▓▓▓▓▓▓▓▓▓ * , , * ,
, , , , , , , , , ,
, ** , ,


You could see 2 jumping spiders, a tarantella and a scorpion.

Vanquished Creatures
  A deep elf archer (D)
  A deep elf zephyrmancer (D)
  A fire elemental (D)
  2 iguanas (D)
  A river rat (D)
  A jackal (D)
  A ball python skeleton (D)
  A quokka zombie (D)
9 creatures vanquished.

Notes
Turn   | Place    | Note
-------+----------+-------------------------------------------
     0 | D        | Ankalagon the Deep Dwarf Conjurer began the quest for the
                  | Orb.
     0 | D        | Reached XP level 1. HP: 15/15 MP: 3/3
     0 | D        | Found a shimmering blue altar of Sif Muna.
     0 | D        | Found a sacrificial altar of Ru.
     0 | D        | Found a bloodstained altar of Trog.
     0 | D        | Found a stormy altar of Qazlal.
     0 | D        | Found an iron altar of Okawaru.
     0 | D        | Found a sparkling altar of Nemelex Xobeh.
     0 | D        | Found a blossoming altar of Fedhas.
     0 | D        | Found the +6 Majin-Bo {vamp, MP+6 Int+6}
     0 | D        | Found the +9 heavy crossbow "Sniper" {vorpal, Acc+∞ SInv}
     0 | D        | Found the +10 dark maul {vorpal}
     0 | D        | Found the +15 Maxwell's patent armour {-Cast -Tele rElec
                  | Will+ rCorr}
     0 | D        | Found the +18 shield of the Gong {rElec rN+ Will+ EV-5}
     0 | D        | Found the +14 obsidian axe {vorpal, Drain Fly SInv}
     0 | D        | Found the +7 great mace "Firestarter" {inner flame, rF++}
     0 | D        | Found the +6 shillelagh "Devastator" {shatter}
     0 | D        | Found the +11 plutonium sword {Contam Stlth-}
     0 | D        | Found the +8 lance "Wyrmbane" {slay drac, rPois rF+ rC+
                  | AC+3}
     0 | D        | Found the +9 sword of Zonguldrok {reap}
     0 | D        | Found the +13 scythe of Curses {drain, Drain}
     0 | D        | Found the +5 sword of Power {vorpal}
     0 | D        | Found the +7 mace of Variability {chain chaos}
     0 | D        | Found the +7 Singing Sword {vorpal, sonic wave}
     0 | D        | Found the +8 storm bow {elec, penet}
     2 | D        | Found a transporter.
     2 | D        | Found an ancient bone altar of Kikubaaqudgha.
     2 | D        | Found a viscous altar of Jiyva.
     2 | D        | Found a corrupted altar of Lugonu.
     2 | D        | Found a hazy altar of Hepliaklqana.
     2 | D        | Found a burning altar of Makhleb.
     2 | D        | Found an opulent altar of Gozag.
    43 | D        | Reached skill level 4 in Long Blades
    43 | D        | Reached skill level 5 in Evocations
    43 | D        | Reached XP level 2. HP: 22/22 MP: 4/4
    45 | D        | Entered arena 2.
    45 | D        | Found a transporter.
    56 | D        | Entered arena 3.
    56 | D        | Noticed a deep elf zephyrmancer
    56 | D        | Noticed a deep elf archer
    56 | D        | Noticed a fire elemental
    56 | D        | Found a transporter.
    59 | D        | Killed a fire elemental
    60 | D        | Reached skill level 9 in Long Blades
    60 | D        | Reached XP level 3. HP: 28/28 MP: 5/5
    60 | D        | Reached XP level 4. HP: 36/36 MP: 6/6
    62 | D        | Killed a deep elf zephyrmancer
    63 | D        | Reached skill level 13 in Long Blades
    63 | D        | Reached XP level 5. HP: 18/42 MP: 7/7
    63 | D        | Reached XP level 6. HP: 21/49 MP: 8/8
    63 | D        | Reached XP level 7. HP: 24/55 MP: 9/9
    68 | D        | Killed a deep elf archer
    69 | D        | Reached skill level 15 in Long Blades
    69 | D        | Reached XP level 8. HP: 9/62 MP: 10/10
    81 | D        | Entered arena 4.
    81 | D        | Found a transporter.
    89 | D        | Got the ring "Moryalut" {Wiz *Corrode rN+ Str+8 Stlth+}
    93 | D        | Got the amulet of Reimbursement {Acrobat Dex-3 Slay+2
                  | Stlth+}
    99 | D        | Entered arena 5.
    99 | D        | Noticed a jumping spider
    99 | D        | Noticed a jumping spider
    99 | D        | Found a transporter.
   105 | D        | Slain by a tarantella

Illustrated notes

Levels and vault maps discovered:
D:        sprint_v [room_start, room_1, room_2, room_3, room_4, room_5, room_6,
          room_7, room_8, room_9, room_10, room_11, room_12, room_13, room_14,
          room_15, room_16, room_17, room_18, room_19, room_20, room_21,
          room_22, room_23, room_24, room_25, room_26, room_27]

Skill      XL: |  1  2  3  4  5  6  7 |
---------------+----------------------+-----
Long Blades    | 4 9 13 15 | 15.8
Shields        | 4 |  4.4
Evocations     | 5 |  5.3
Dodging        | |  2.1
Stealth        | |  2.4
Spellcasting   | |  1.7
Conjurations   | |  3.6

Action                   |  1- 3 |  4- 6 |  7- 9 || total
-------------------------+-------+-------+-------++-------
Melee: Double sword      |     1 |     2 |     9 ||    12
 Abil: Heal Wounds       |       |       |     1 ||     1
Evoke: Lightning rod     |     4 |       |     5 ||     9
  Use: Potion            |     1 |       |       ||     1
Dodge: Dodged            |       |       |     8 ||     8
Block: Buckler           |     1 |       |     5 ||     6

Table legend: (Time is in decaauts)
 A = Elapsed time spent in this place.
 B = Non-inter-level travel time spent in this place.
 C = Inter-level travel time spent in this place.
 D = Time resting spent in this place.
 E = Time spent auto-exploring this place.
 F = Levels seen in this place.
 G = Mean time per level.
                   A        B        C        D        E       F      G
               +--------+--------+--------+--------+--------+-----+--------+
         Total |    102 |    102 |      0 |      0 |      0 |   1 |  102.0 |
       Dungeon |    102 |    102 |      0 |      0 |      0 |   1 |  102.0 |
               +--------+--------+--------+--------+--------+-----+--------+

Top non-repeatable levels by time:
       D: 102 daAuts
